 Dungeon Crawl Stone Soup version 0.28.0-47-ge53b351184 (webtiles) character file.

Game seed: 16047953989593218553

12 Zeld the Skirmisher (level 2, -4/26 HPs)
             Began as a Draconian Monk on Apr 28, 2022.
             Slain by Jessica
             ... wielding a +0 dagger
              (5 damage)
             ... on level 2 of the Dungeon.
             The game lasted 00:00:32 (789 turns).

Zeld the Skirmisher (Draconian Monk)                 Turns: 789, Time: 00:00:33

Health: -4/26      AC:  4    Str: 13    XL:     2   Next: 20%
Magic:  2/2        EV: 12    Int: 10    God:
Gold:   25         SH:  0    Dex: 13    Spells: 1/1 levels left

rFire   . . .      SeeInvis .   a - +0 hand axe
rCold   . . .      Faith    .   (no shield)
rNeg    . . .      Spirit   .   (armour unavailable)
rPois   .          Reflect  .   (helmet restricted)
rElec   .          Harm     .   (no cloak)
rCorr   .          Rampage  .   (no gloves)
Will    .....                   (no boots)
Stlth   ++........              (no amulet)
HPRegen 0.08/turn               (no ring)
MPRegen 0.08/turn               (no ring)

@: no status effects
A: AC +4, unfitting armour, cold-blooded
a: no special abilities


You were on level 2 of the Dungeon.
You visited 1 branch of the dungeon, and saw 2 of its levels.

You collected 25 gold pieces.

Inventory:

Hand Weapons
 a - a +0 hand axe (weapon)
Scrolls
 d - 2 scrolls of identify {unknown}
Potions
 b - a potion of heal wounds {unknown}
 c - a potion of curing {unknown}


   Skills:
 * Level 3.5 Fighting
 * Level 3.2 Axes
 + Level 2.8 Dodging
 + Level 1.9 Stealth


You had one spell level left.
You didn't know any spells.
Your spell library was empty.

Dungeon Overview and Level Annotations

Branches:
Dungeon (2/15)

Altars:

Annotations:
D:2 Jessica


Innate Abilities, Weirdness & Mutations

Your plain brown scales are hard. (AC +4)
You cannot fit into any form of body armour.
You are cold-blooded and may be slowed by cold attacks.


Message History

You miss the adder.
You feel sick. The adder barely misses you. Jessica barely misses you.
The adder barely misses you.
You barely miss the adder. You barely miss Jessica.
You feel sick. Jessica gestures at you while chanting.
Pain shoots through your body! The adder bites you but does no damage.
Jessica barely misses you.
Unknown command.
You barely miss the adder. You hit Jessica.
You feel sick. The adder bites you. Jessica hits you but does no damage.
The adder bites you but does no damage.
Unknown command.
You closely miss Jessica.
Jessica is severely wounded.
You completely miss the adder.
You feel sick.
You are no longer poisoned.
The adder misses you. Jessica barely misses you.
Unknown command.
You closely miss the adder. You hit Jessica but do no damage.
The adder closely misses you. Jessica hits you with a +0 dagger.
* * * LOW HITPOINT WARNING * * *
The adder bites you.
* * * LOW HITPOINT WARNING * * *
Unknown command.
You closely miss the adder. You tail-slap the adder.
The adder is lightly wounded.
You hit Jessica but do no damage. The adder bites you but does no damage.
Jessica hits you but does no damage.
Unknown command.
You hit the adder.
The adder is severely wounded.
You hit Jessica. The adder closely misses you.
Jessica hits you with a +0 dagger.
* * * LOW HITPOINT WARNING * * *
The adder misses you.
Unknown command.
You hit the adder but do no damage.
The adder is severely wounded.
You hit Jessica.
Jessica shouts, "You're disturbing me!
I'll have to kill you!" Jessica hits you with a +0 dagger.
You die...

.....## ......# .....
.... #.. #.# ....#
.###.######.######....#
...(.JS@@........+....+
......#####.###.##....#
####. #.# #.##....## #
#.# #.#...(...
#.###.#.......
#.............
####..........
#.......... #...####...


You could see an adder, Jessica and an endoplasm.

Vanquished Creatures
  2 ball pythons
  A bat (D:1)
  An endoplasm (D:1)
  A goblin (D:2)
  2 quokkas
  3 kobolds
  A rat (D:1)
11 creatures vanquished.

Notes
Turn   | Place    | Note
-------+----------+-------------------------------------------
     0 | D:1      | Zeld the Draconian Monk began the quest for the Orb.
     0 | D:1      | Reached XP level 1. HP: 19/19 MP: 1/1
   343 | D:1      | Reached XP level 2. HP: 22/26 MP: 2/2
   778 | D:2      | Noticed Jessica
   788 | D:2      | HP: 1/26 [Jessica/+0 dagger (3)]
   789 | D:2      | Slain by Jessica

Illustrated notes

Levels and vault maps discovered:
D:1:      mushboom_english_gardens, layout_basic, basic_ecumenical_altar
D:2:      layout_basic, uniq_jessica

Action                   || total
-------------------------++-------
Melee: Hand axe          ||    44
       Tailslap          ||     5
 Stab: Sleeping          ||     2
Armor: Skin              ||    12
Dodge: Dodged            ||    42
